 Dungeon Crawl Stone Soup version 0.19.0 (webtiles) character file.

102 CanadianGator the Skirmisher (level 4, 0/41 HPs)
             Began as a Hill Orc Fighter on Nov 23, 2016.
             Slain by an orc
             ... wielding a +2 dagger of venom
              (1 damage)
             ... on level 3 of the Dungeon.
             The game lasted 00:05:31 (1735 turns).

CanadianGator the Skirmisher (Hill Orc Fighter)     Turns: 1735, Time: 00:05:34

Health: 0/41       AC: 14    Str: 22    XL:     4   Next: 78%
Magic:  4/4        EV:  4    Int:  8    God:
Gold:   159        SH:  0    Dex: 10    Spells: 0 memorised, 3 levels left

rFire  . . .     SeeInvis .     a - +0 war axe
rCold  + . .     Gourm    .     m - +0 plate armour
rNeg   . . .     Faith    .     c - +0 shield
rPois  .         Spirit   .     (no helmet)
rElec  .         Reflect  .     e - +2 cloak {+Inv}
rCorr  .         Harm     .     (no gloves)
MR     .....     Clarity  +     (no boots)
Stlth  ..........               (no amulet)
                                (no ring)
                                w - ring of wizardry

@: confused, mighty, lethally poisoned (0 -> -6)
A: clarity, cold resistance 1, weak 1
a: Evoke Invisibility


You were on level 3 of the Dungeon.
You were not hungry.

You visited 1 branch of the dungeon, and saw 3 of its levels.

You collected 159 gold pieces.

Inventory:

Hand Weapons
 a - a +0 war axe (weapon)
Armour
 c - a +0 shield (worn)
 e - a +2 cloak of invisibility (worn)
 m - a +0 plate armour (worn)
Jewellery
 w - a ring of wizardry (left hand)
Wands
 u - a wand of lightning (3/15)
Scrolls
 i - 2 scrolls of remove curse {unknown}
 n - a scroll of enchant weapon {unknown}
 p - 2 scrolls of teleportation {unknown}
 q - a scroll of fog {unknown}
 r - 3 scrolls of identify {unknown}
 t - a scroll of noise {unknown}
 x - 2 scrolls of recharging {unknown}
Potions
 b - 2 potions of mutation
 j - a potion of heal wounds {unknown}
 k - a potion of haste {unknown}
 l - a potion of lignification {unknown}
 s - a potion of curing {unknown}
Comestibles
 f - 2 bread rations
 g - a beef jerky
 h - a slice of pizza
 o - a meat ration
 v - 4 fruits


   Skills:
 + Level 4.6 Fighting
 * Level 4.0 Axes
 + Level 3.7 Armour
 + Level 1.4 Dodging
 - Level 3.2 Shields
 + Level 0.8 Evocations


You had 3 spell levels left.
You didn't know any spells.

Dungeon Overview and Level Annotations

Branches:
Dungeon (3/15)

Altars:


Innate Abilities, Weirdness & Mutations

You possess an exceptional clarity of mind.
Your flesh is cold resistant. (rC+)
You are weak. (Str -2)


Message History

You closely miss the orc wizard. You closely miss the orc. You hit the orc.
You slash the leopard gecko!
You kill the leopard gecko!
You feel sick.
The orc wizard points at you and mumbles some strange words.
You are confused.
The orc hits you but does no damage.
You are more poisoned.
The orc hits you but does no damage.
The orc wizard points at you and mumbles some strange words.
The magic dart hits you!
* * * LOW HITPOINT WARNING * * *
The orc hits you but does no damage.
It was a potion of mutation.
You feel extremely strange.
You feel resistant to cold.
Your thoughts seem clearer.
You feel weaker. The orc hits you with a flail.
* * * LOW HITPOINT WARNING * * *
The orc wizard hits you but does no damage.
The orc hits you with a dagger of venom.
You die...

....(...##.####
........##....#
........#####.#
......... #.###
....>.. #...##
. ###..##
...####..#####
...h.........#
...#.ho@.....#
...h..oo....>#
...#.........#
). ##.########
. #. .. #.. ##


You could see an orc wizard, 2 orcs and 3 jackals.

Vanquished Creatures
  The ghost of CanadianGator the Shield-Bearer, a weakling OpFi of the Shining One (D:3)
  2 adders
  A worm (D:3)
  A dart slug (D:2)
  2 leopard geckos
  2 orcs (D:3)
  A ball python (D:3)
  5 bats
  2 goblins (D:1)
  7 hobgoblins
  A jackal (D:3)
  4 kobolds
  2 frilled lizards
  5 rats
36 creatures vanquished.

Notes
Turn   | Place    | Note
-------+----------+-------------------------------------------
     0 | D:1      | CanadianGator the Hill Orc Fighter began the quest for the Orb.
     0 | D:1      | Reached XP level 1. HP: 19/19 MP: 1/1
   225 | D:1      | Reached XP level 2. HP: 25/27 MP: 2/2
   843 | D:2      | Reached XP level 3. HP: 28/33 MP: 3/3
  1563 | D:3      | Reached skill level 1 in Dodging
  1672 | D:3      | Noticed CanadianGator's ghost (weakling OpFi)
  1687 | D:3      | Killed CanadianGator's ghost
  1687 | D:3      | Reached XP level 4. HP: 14/41 MP: 4/4
  1735 | D:3      | Gained mutation: Your flesh is cold resistant. (rC+) [potion of mutation]
  1735 | D:3      | Gained mutation: You possess an exceptional clarity of mind. [potion of mutation]
  1735 | D:3      | Gained mutation: You are weak. (Str -2) [potion of mutation]
  1735 | D:3      | HP: 1/41 [orc/flail (6)]
  1735 | D:3      | Slain by an orc

Skill      XL: |  1  2  3  4 |
---------------+-------------+-----
Axes           | 3 4 |  4.0
Fighting       | 4 |  4.6
Dodging        | 1 |  1.4
Armour         | |  3.7
Shields        | |  3.2
Evocations     | |  0.8

Action                   |  1- 3 |  4- 6 || total
-------------------------+-------+-------++-------
Melee: War axe           |   120 |     9 ||   129
  Use: Potion            |     1 |     2 ||     3
  Eat: Chunk             |     2 |     1 ||     3
Armor: Scale mail        |     9 |       ||     9
       Plate armour      |    80 |    15 ||    95
Dodge: Dodged            |    20 |     4 ||    24
Block: Shield            |    76 |     8 ||    84
